MONTREAL Canadiens vs CHICAGO Blackhawks

Created - 10 décembre 2018 at 16:29

Goals
1 2 3 T
MONTREAL Canadiens 1 3 0 4
CHICAGO Blackhawks 1 1 0 2
Shots
1 2 3 T
MONTREAL Canadiens 10 16 14 40
CHICAGO Blackhawks 12 9 11 32

1st period

1. MONTREAL Canadiens , Jason Pominville 4 (Mathieu Perreault 12, Phillip Danault 5) at 12:57
2. CHICAGO Blackhawks , Patrick Kane 14 (Jonathan Toews 16, Josh Manson 13) at 14:53

Penalties :
Patrick Kane (CHI) for Roughing (Minor) at 6:38, Brian Dumoulin (CHI) for Roughing (Minor) at 18:36

2nd period

3. MONTREAL Canadiens , Marian Gaborik 2 (Brian Gionta 11) at 10:19
4. MONTREAL Canadiens , Anthony Mantha 7 (Anthony Beauvillier 9, Pierre-Luc Dubois 15) at 11:05
5. MONTREAL Canadiens , Marian Gaborik 3 (Brian Gionta 12, Clayton Stoner 7) at 15:16
6. CHICAGO Blackhawks , William Nylander 7 (Eric Staal 16, Kyle Palmieri 9) at 17:18

Penalties :
No Penalty

3rd period

No Goal

Penalties :
Greg Pateryn (MTL) for Tripping (Minor) at 3:35, Tom Wilson (CHI) for Interference (Minor) at 9:15, Jacob de la Rose (MTL) for Slashing (Minor) at 19:27

Goalie Stats

Kari Lehtonen (MTL), 30 saves from 32 shots - (0,938), W, 5-16-1, 60:00 minutes
Dustin Tokarski (CHI), 36 saves from 40 shots - (0,900), L, 1-5-1, 60:00 minutes

Players Stats for MONTREAL Canadiens

Player Name              G  A  P  +/- PIM S  H  SB GA TA FO     MP     PP MP  PK MP  
------------------------------------------------------------------------------------
Anthony Beauvillier      0  1  1  -1  0   3  0  0  0  0  1/3    19:35   0:00   0:00 
Anthony Cirelli          0  0  0   1  0   4  0  0  0  0  14/22  16:11   3:27   2:20 
Anthony Mantha           1  0  1   0  0   2  0  1  0  0  0/1    22:16   3:27   0:00 
Brian Gionta             0  2  2   1  0   3  0  0  0  0  0/0    13:18   2:30   0:00 
Clayton Stoner           0  1  1   3  0   2  3  0  0  0  0/0    18:50   0:00   0:00 
Derrick Pouliot          0  0  0   1  0   3  1  1  0  0  0/0    25:00   2:35   1:53 
Frederick Gaudreau       0  0  0   0  0   0  0  0  0  0  0/0     6:28   0:00   0:00 
Greg Pateryn             0  0  0  -1  2   0  2  1  0  0  0/0    25:48   3:22   0:06 
Jacob de la Rose         0  0  0   0  2   2  0  0  0  0  0/0     6:31   0:00   0:04 
Jason Pominville         1  0  1   1  0   8  0  0  0  0  2/2    15:51   0:00   0:00 
Kevin Gravel             0  0  0   0  0   0  0  1  0  0  0/0     7:46   2:07   0:00 
Marian Gaborik           2  0  2   1  0   2  1  0  0  0  0/0    10:24   0:00   0:00 
Mathieu Perreault        0  1  1   1  0   2  1  0  0  0  0/1    18:21   2:30   0:00 
Paul Martin              0  0  0   0  0   0  0  2  0  0  0/0    22:31   1:15   2:00 
Phillip Danault          0  1  1   1  0   3  0  0  0  0  12/25  18:32   2:30   0:11 
Pierre-Luc Dubois        0  1  1   0  0   6  1  0  0  0  16/32  24:43   3:27   2:27 
Samuel Morin             0  0  0   2  0   0  2  0  0  0  0/0    18:54   2:35   1:03 
Tyler Pitlick            0  0  0   0  0   0  0  0  0  0  6/7     6:28   0:00   0:00 

Players Stats for CHICAGO Blackhawks

Player Name              G  A  P  +/- PIM S  H  SB GA TA FO     MP     PP MP  PK MP  
------------------------------------------------------------------------------------
Aaron Ekblad             0  0  0   0  0   0  0  2  0  0  0/0    21:35   1:57   3:06 
Alexander Burmistrov     0  0  0  -1  0   0  0  0  0  0  3/9     4:58   0:00   0:00 
Brad Richardson          0  0  0   0  0   0  0  0  0  0  1/1    12:09   0:00   2:00 
Brent Seabrook           0  0  0  -2  0   0  1  2  0  0  0/0    25:52   0:34   3:33 
Brian Dumoulin           0  0  0   0  2   2  4  4  0  0  0/0    15:37   0:32   1:51 
Devante Smith-Pelly      0  0  0  -1  0   0  0  0  0  0  0/0     4:58   0:00   0:00 
Eric Staal               0  1  1   1  0   9  1  0  0  0  2/4    19:01   1:25   1:55 
Jonathan Toews           0  1  1  -2  0   3  1  0  0  0  0/3    22:09   1:25   0:00 
Josh Manson              0  1  1   0  0   1  3  2  0  0  0/0    19:51   0:00   3:19 
Kevin Hayes              0  0  0   0  0   0  0  0  0  0  9/19   15:12   1:06   3:57 
Kevin Shattenkirk        0  0  0  -2  0   1  3  1  0  0  0/0    23:45   1:25   0:05 
Kyle Palmieri            0  1  1   1  0   3  1  0  0  0  5/9    20:26   1:06   3:39 
Nick Shore               0  0  0  -1  0   1  0  0  0  0  0/0     4:58   0:00   0:00 
Patrick Kane             1  0  1  -2  2   6  3  1  0  0  13/31  22:08   1:25   0:00 
Teuvo Teravainen         0  0  0  -2  0   1  1  0  0  0  0/1    21:18   0:34   0:00 
Tom Wilson               0  0  0   0  2   1  5  0  0  0  0/0    10:31   0:00   0:23 
Will Butcher             0  0  0   0  0   0  1  2  0  0  0/0    13:19   0:34   0:00 
William Nylander         1  0  1   1  0   4  0  0  0  0  9/16   16:13   0:32   0:00 

3 Stars

1 - Marian Gaborik (MTL)
2 - Clayton Stoner (MTL)
3 - Jason Pominville (MTL)

Power Play

MONTREAL Canadiens - 0 on 3 Attempt(s) - 0,00%
CHICAGO Blackhawks - 0 on 2 Attempt(s) - 0,00%

Penalty Kill

MONTREAL Canadiens - 2 on 2 Attempt(s) - 100,00% - Score 0 goal in Penalty Kill
CHICAGO Blackhawks - 3 on 3 Attempt(s) - 100,00% - Score 0 goal in Penalty Kill

Team Stat

MONTREAL Canadiens - Hits : 11 - Faceoff Wins : 51 - Blocked Shots : 6 - Penalty Minutes : 4
CHICAGO Blackhawks - Hits : 24 - Faceoff Wins : 42 - Blocked Shots : 14 - Penalty Minutes : 6

Official

Referees : Unknown
Linesman : Unknown

Game Notes

Kevin Gravel is injured at 2:45 of 2nd period (Sore Left Knee)

Finance

Level 1 -- Attendance: 4672 (77,87%) -- Ticket Income 467 200 $
Level 2 -- Attendance: 3837 (76,74%) -- Ticket Income 230 220 $
Level 3 -- Attendance: 1795 (89,75%) -- Ticket Income 62 825 $
Level 4 -- Attendance: 3705 (92,63%) -- Ticket Income 74 100 $
Luxury Box -- Attendance: 708 (70,80%) -- Ticket Income 141 600 $
Game was played at the United Center.
Total Attendance: 14717 (81,76%)
Total Ticket Income: 975 945 $
Other Income: 380 619 $
Total Income: 1 356 564 $

MONTREAL Canadiens

5 vs 5 Forward 
   Center                   Left Wing                Right Wing               Time % Phy DF OF 
 1 Pierre-Luc Dubois        Anthony Beauvillier      Anthony Mantha           40     1   2  2  
 2 Phillip Danault          Mathieu Perreault        Jason Pominville         30     1   2  2  
 3 Anthony Cirelli          Marian Gaborik           Brian Gionta             20     1   2  2  
 4 Tyler Pitlick            Jacob de la Rose         Frederick Gaudreau       10     1   2  2  

5 vs 5 Defense 
   Defense                  Defense                                           Time % Phy DF OF 
 1 Greg Pateryn             Paul Martin                                       40     1   2  2  
 2 Derrick Pouliot          Samuel Morin                                      30     1   2  2  
 3 Kevin Gravel             Clayton Stoner                                    20     1   2  2  
 4 Greg Pateryn             Derrick Pouliot                                   10     1   2  2  

PowerPlay Forward 
   Center                   Left Wing                Right Wing               Time % Phy DF OF 
 1 Pierre-Luc Dubois        Anthony Cirelli          Anthony Mantha           60     1   2  2  
 2 Phillip Danault          Mathieu Perreault        Brian Gionta             40     1   2  2  

PowerPlay Defense
   Defense                  Defense                                           Time % Phy DF OF 
 1 Samuel Morin             Derrick Pouliot                                   60     1   2  2  
 2 Greg Pateryn             Kevin Gravel                                      40     1   2  2  

Penalty Kill 4 Players Forward 
   Center                   Wing                     Time % Phy DF OF 
 1 Anthony Cirelli          Pierre-Luc Dubois        60     1   2  2  
 2 Phillip Danault          Jacob de la Rose         40     1   2  2  

Penalty Kill 4 Players Defense
   Defense                  Defense                  Time % Phy DF OF 
 1 Kevin Gravel             Samuel Morin             60     1   2  2  
 2 Paul Martin              Derrick Pouliot          40     1   2  2  

Penalty Kill - 3 Players Forward 
   Forward                                           Time % Phy DF OF 
 1 Phillip Danault                                   60     1   2  2  
 2 Anthony Cirelli                                   40     1   2  2  

Penalty Kill - 3 Players Defense
   Defense                  Defense                  Time % Phy DF OF 
 1 Kevin Gravel             Derrick Pouliot          60     1   2  2  
 2 Greg Pateryn             Samuel Morin             40     1   2  2  

4 vs 4 Forward 
   Center                   Wing                     Time % Phy DF OF 
 1 Mathieu Perreault        Pierre-Luc Dubois        60     1   2  2  
 2 Phillip Danault          Anthony Mantha           40     1   2  2  

4 vs 4 Defense
   Defense                  Defense                  Time % Phy DF OF 
 1 Derrick Pouliot          Greg Pateryn             60     1   2  2  
 2 Samuel Morin             Kevin Gravel             40     1   2  2  

Last Minutes Offensive
   Center                   Left Wing                Right Wing               Defense                  Defense                  
   Pierre-Luc Dubois        Anthony Beauvillier      Anthony Mantha           Greg Pateryn             Paul Martin              

Last Minutes Defensive
   Center                   Left Wing                Right Wing               Defense                  Defense                  
   Pierre-Luc Dubois        Anthony Beauvillier      Anthony Mantha           Greg Pateryn             Paul Martin              

Goaltenders
Starting : Kari Lehtonen            
Backup : Carter Hutton            

Extra Forwards
Normal : Anthony Cirelli, Pierre-Luc Dubois, Phillip Danault - PP : Anthony Cirelli, Phillip Danault - PK : Phillip Danault
Extra Defensemen
Normal : Kevin Gravel, Derrick Pouliot, Samuel Morin - PP : Kevin Gravel - PK : Kevin Gravel, Derrick Pouliot
Penalty Shots
Pierre-Luc Dubois, Mathieu Perreault, Tyler Pitlick, Jason Pominville, Phillip Danault

CHICAGO Blackhawks

5 vs 5 Forward 
   Center                   Left Wing                Right Wing               Time % Phy DF OF 
 1 Patrick Kane             Teuvo Teravainen         Jonathan Toews           43     0   1  4  
 2 William Nylander         Eric Staal               Kyle Palmieri            30     0   1  4  
 3 Kevin Hayes              Brad Richardson          Tom Wilson               20     1   3  1  
 4 Alexander Burmistrov     Nick Shore               Devante Smith-Pelly      7      2   3  0  

5 vs 5 Defense 
   Defense                  Defense                                           Time % Phy DF OF 
 1 Brent Seabrook           Kevin Shattenkirk                                 42     0   2  3  
 2 Aaron Ekblad             Josh Manson                                       30     1   3  1  
 3 Brian Dumoulin           Will Butcher                                      20     1   4  0  
 4 Brent Seabrook           Kevin Shattenkirk                                 8      0   2  3  

PowerPlay Forward 
   Center                   Left Wing                Right Wing               Time % Phy DF OF 
 1 Patrick Kane             Eric Staal               Jonathan Toews           70     0   0  5  
 2 Kevin Hayes              Teuvo Teravainen         Kyle Palmieri            30     0   1  4  

PowerPlay Defense
   Defense                  Defense                                           Time % Phy DF OF 
 1 Aaron Ekblad             Kevin Shattenkirk                                 60     0   1  4  
 2 Will Butcher             Brent Seabrook                                    40     0   2  3  

Penalty Kill 4 Players Forward 
   Center                   Wing                     Time % Phy DF OF 
 1 Kyle Palmieri            Kevin Hayes              60     0   5  0  
 2 Eric Staal               Brad Richardson          40     1   4  0  

Penalty Kill 4 Players Defense
   Defense                  Defense                  Time % Phy DF OF 
 1 Josh Manson              Brent Seabrook           60     0   5  0  
 2 Aaron Ekblad             Brian Dumoulin           40     0   5  0  

Penalty Kill - 3 Players Forward 
   Forward                                           Time % Phy DF OF 
 1 Eric Staal                                        60     0   5  0  
 2 Kyle Palmieri                                     40     0   5  0  

Penalty Kill - 3 Players Defense
   Defense                  Defense                  Time % Phy DF OF 
 1 Josh Manson              Brent Seabrook           60     0   5  0  
 2 Aaron Ekblad             Brian Dumoulin           40     0   5  0  

4 vs 4 Forward 
   Center                   Wing                     Time % Phy DF OF 
 1 Kevin Hayes              William Nylander         60     0   2  3  
 2 Eric Staal               Kyle Palmieri            40     0   2  3  

4 vs 4 Defense
   Defense                  Defense                  Time % Phy DF OF 
 1 Aaron Ekblad             Brian Dumoulin           60     1   2  2  
 2 Brent Seabrook           Kevin Shattenkirk        40     1   2  2  

Last Minutes Offensive
   Center                   Left Wing                Right Wing               Defense                  Defense                  
   Patrick Kane             Kyle Palmieri            Jonathan Toews           Brent Seabrook           Kevin Shattenkirk        

Last Minutes Defensive
   Center                   Left Wing                Right Wing               Defense                  Defense                  
   Patrick Kane             Kyle Palmieri            Jonathan Toews           Brent Seabrook           Kevin Shattenkirk        

Goaltenders
Starting : Dustin Tokarski          
Backup : Corey Crawford           

Extra Forwards
Normal : Kevin Hayes, Eric Staal, Tom Wilson - PP : Kevin Hayes, William Nylander - PK : Tom Wilson
Extra Defensemen
Normal : Brian Dumoulin, Josh Manson, Aaron Ekblad - PP : Brian Dumoulin - PK : Brian Dumoulin, Aaron Ekblad
Penalty Shots
Eric Staal, Tom Wilson, Kyle Palmieri, William Nylander, Kevin Hayes


% Time on Ice - MONTREAL Canadiens

Lines # - Real PCT - Wanted PCT - Time Play
Normal Forward
1 - 37% - 40% - 18:49
2 - 31% - 30% - 15:51
3 - 20% - 20% - 10:24
4 - 13% - 10% - 6:28
Normal Defense
1 - 36% - 40% - 18:41
2 - 24% - 30% - 12:21
3 - 37% - 20% - 19:18
4 - 2% - 10% - 1:12
PP Forward
1 - 58% - 60% - 3:27
2 - 42% - 40% - 2:30
PP Defense
1 - 43% - 60% - 2:35
2 - 57% - 40% - 3:22
PK Forward
1 - 97% - 60% - 2:27
2 - 3% - 40% - 0:04
PK Defense
1 - 42% - 60% - 1:03
2 - 58% - 40% - 1:28
PK3 Forward
1 - 0% - 60%
2 - 0% - 40%
PK3 Defense
1 - 0% - 60%
2 - 0% - 40%
44 Forward
1 - 0% - 60%
2 - 0% - 40%
44 Defense
1 - 0% - 60%
2 - 0% - 40%
Last Minute Offensive  - 0:00
Last Minute Defensive  - 0:00
Total
Forward - 60:00
Defense - 60:00

% Time on Ice - CHICAGO Blackhawks

Lines # - Real PCT - Wanted PCT - Time Play
Normal Forward
1 - 40% - 43% - 20:44
2 - 30% - 30% - 15:41
3 - 20% - 20% - 10:09
4 - 10% - 7% - 4:58
Normal Defense
1 - 39% - 42% - 19:52
2 - 32% - 30% - 16:32
3 - 25% - 20% - 12:45
4 - 5% - 8% - 2:23
PP Forward
1 - 56% - 70% - 1:25
2 - 44% - 30% - 1:06
PP Defense
1 - 77% - 60% - 1:57
2 - 23% - 40% - 0:34
PK Forward
1 - 68% - 60% - 4:02
2 - 32% - 40% - 1:55
PK Defense
1 - 46% - 60% - 2:46
2 - 54% - 40% - 3:11
PK3 Forward
1 - 0% - 60%
2 - 0% - 40%
PK3 Defense
1 - 0% - 60%
2 - 0% - 40%
44 Forward
1 - 0% - 60%
2 - 0% - 40%
44 Defense
1 - 0% - 60%
2 - 0% - 40%
Last Minute Offensive  - 0:00
Last Minute Defensive  - 0:00
Total
Forward - 60:00
Defense - 60:00

Play by Play

1st period


0:01 of 1st period - Pierre-Luc Dubois wins face-off versus Patrick Kane in neutral zone.
0:10 of 1st period - Shot by Pierre-Luc Dubois.
0:10 of 1st period - Stopped by Dustin Tokarski without a rebound.
0:11 of 1st period - William Nylander wins face-off versus Phillip Danault in CHICAGO Blackhawks zone.
0:22 of 1st period - Shot by Kyle Palmieri.
0:22 of 1st period - Stopped by Kari Lehtonen without a rebound.
0:23 of 1st period - Kevin Hayes wins face-off versus Anthony Cirelli in MONTREAL Canadiens zone.
0:26 of 1st period - Shot by Kevin Hayes.
0:26 of 1st period - Shot Misses the Net.
0:28 of 1st period - Shot by Brian Dumoulin.
0:28 of 1st period - Stopped by Kari Lehtonen with a rebound.
0:30 of 1st period - Shot by Tom Wilson.
0:30 of 1st period - Stopped by Kari Lehtonen without a rebound.
0:31 of 1st period - Tyler Pitlick wins face-off versus Jonathan Toews in MONTREAL Canadiens zone.
0:48 of 1st period - Shot by Patrick Kane.
0:48 of 1st period - Stopped by Kari Lehtonen without a rebound.
0:49 of 1st period - Pierre-Luc Dubois wins face-off versus Alexander Burmistrov in MONTREAL Canadiens zone.
1:24 of 1st period - Shot by Pierre-Luc Dubois.
1:24 of 1st period - Deflect By Anthony Beauvillier.
1:24 of 1st period - Shot Misses the Net.
1:29 of 1st period - Off-side.
1:30 of 1st period - William Nylander wins face-off versus Phillip Danault in neutral zone.
1:41 of 1st period - Shot by Eric Staal.
1:41 of 1st period - Stopped by Kari Lehtonen without a rebound.
1:42 of 1st period - Anthony Cirelli wins face-off versus Patrick Kane in MONTREAL Canadiens zone.
1:49 of 1st period - Shot by Anthony Cirelli.
1:49 of 1st period - Deflect By Brian Gionta.
1:49 of 1st period - Shot Misses the Net.
2:07 of 1st period - Shot by Patrick Kane.
2:07 of 1st period - Stopped by Kari Lehtonen without a rebound.
2:08 of 1st period - Kevin Hayes wins face-off versus Phillip Danault in MONTREAL Canadiens zone.
2:50 of 1st period - Paul Martin is hit by Tom Wilson and loses puck.
3:41 of 1st period - Shot by Eric Staal.
3:41 of 1st period - Stopped by Kari Lehtonen without a rebound.
3:42 of 1st period - Anthony Cirelli wins face-off versus Patrick Kane in MONTREAL Canadiens zone.
3:42 of 1st period - Kevin Gravel is hit by Teuvo Teravainen.
3:43 of 1st period - Icing by Kevin Gravel.
3:44 of 1st period - Patrick Kane wins face-off versus Anthony Cirelli in MONTREAL Canadiens zone.
4:46 of 1st period - Shot by Eric Staal.
4:46 of 1st period - Shot Misses the Net.
4:48 of 1st period - Shot by William Nylander.
4:48 of 1st period - Stopped by Kari Lehtonen without a rebound.
4:49 of 1st period - Pierre-Luc Dubois wins face-off versus Kevin Hayes in MONTREAL Canadiens zone.
5:06 of 1st period - Shot by Tom Wilson.
5:06 of 1st period - Shot Misses the Net.
5:46 of 1st period - Greg Pateryn is hit by Tom Wilson and loses puck.
5:59 of 1st period - Icing by Eric Staal.
6:00 of 1st period - William Nylander wins face-off versus Phillip Danault in CHICAGO Blackhawks zone.
6:22 of 1st period - Shot by Eric Staal.
6:22 of 1st period - Stopped by Kari Lehtonen with a rebound.
6:24 of 1st period - Shot by Brent Seabrook.
6:24 of 1st period - Shot Misses the Net.
6:32 of 1st period - Shot by William Nylander.
6:32 of 1st period - Shot Misses the Net.
6:34 of 1st period - Shot by Eric Staal.
6:34 of 1st period - Shot Misses the Net.
6:36 of 1st period - Shot by Eric Staal.
6:36 of 1st period - Stopped by Kari Lehtonen without a rebound.
6:37 of 1st period - Pierre-Luc Dubois wins face-off versus Jonathan Toews in MONTREAL Canadiens zone.
6:37 of 1st period - Pierre-Luc Dubois is hit by Jonathan Toews.
6:38 of 1st period - Minor Penalty to Patrick Kane for Roughing.
6:39 of 1st period - Pierre-Luc Dubois wins face-off versus Kyle Palmieri in CHICAGO Blackhawks zone.
6:50 of 1st period - Shot by Derrick Pouliot.
6:50 of 1st period - Shot Blocked by Josh Manson.
7:04 of 1st period - Shot by Anthony Cirelli.
7:04 of 1st period - Stopped by Dustin Tokarski without a rebound.
7:05 of 1st period - Kyle Palmieri wins face-off versus Phillip Danault in CHICAGO Blackhawks zone.
7:05 of 1st period - Kyle Palmieri is hit by Mathieu Perreault.
8:50 of 1st period - Shot by Teuvo Teravainen.
8:50 of 1st period - Stopped by Kari Lehtonen with a rebound.
8:52 of 1st period - Shot by Patrick Kane.
8:52 of 1st period - Shot Misses the Net.
9:07 of 1st period - Off-side.
9:08 of 1st period - Alexander Burmistrov wins face-off versus Pierre-Luc Dubois in neutral zone.
9:37 of 1st period - Off-side.
9:38 of 1st period - Tyler Pitlick wins face-off versus Teuvo Teravainen in neutral zone.
10:09 of 1st period - Shot by Jonathan Toews.
10:09 of 1st period - Deflect By Teuvo Teravainen.
10:09 of 1st period - Shot Misses the Net.
10:25 of 1st period - Icing by Teuvo Teravainen.
10:26 of 1st period - Pierre-Luc Dubois wins face-off versus Patrick Kane in CHICAGO Blackhawks zone.
10:39 of 1st period - Shot by Pierre-Luc Dubois.
10:39 of 1st period - Shot Blocked by Kevin Shattenkirk.
10:41 of 1st period - Shot by Pierre-Luc Dubois.
10:41 of 1st period - Stopped by Dustin Tokarski without a rebound.
10:42 of 1st period - Phillip Danault wins face-off versus William Nylander in CHICAGO Blackhawks zone.
10:42 of 1st period - Jason Pominville is hit by Josh Manson and loses puck.
10:57 of 1st period - Phillip Danault is hit by Josh Manson.
11:12 of 1st period - Mathieu Perreault is hit by Josh Manson and loses puck.
12:44 of 1st period - Shot by Marian Gaborik.
12:44 of 1st period - Shot Misses the Net.
12:51 of 1st period - Icing by Jonathan Toews.
12:52 of 1st period - Phillip Danault wins face-off versus Patrick Kane in CHICAGO Blackhawks zone.
12:57 of 1st period - Shot by Jason Pominville.
12:57 of 1st period - Goal by Jason Pominville - MONTREAL Canadiens : 1 - CHICAGO Blackhawks : 0.
12:58 of 1st period - Kevin Hayes wins face-off versus Phillip Danault in neutral zone.
13:05 of 1st period - Shot by Kevin Hayes.
13:05 of 1st period - Shot Blocked by Paul Martin.
14:09 of 1st period - Shot by Anthony Beauvillier.
14:09 of 1st period - Shot Hit the Post.
14:11 of 1st period - Shot by Derrick Pouliot.
14:11 of 1st period - Stopped by Dustin Tokarski without a rebound.
14:12 of 1st period - Alexander Burmistrov wins face-off versus Anthony Cirelli in CHICAGO Blackhawks zone.
14:12 of 1st period - Alexander Burmistrov is hit by Clayton Stoner.
14:18 of 1st period - Shot by Kevin Shattenkirk.
14:18 of 1st period - Shot Misses the Net.
14:24 of 1st period - Shot by Brian Gionta.
14:24 of 1st period - Shot Misses the Net.
14:26 of 1st period - Shot by Anthony Cirelli.
14:26 of 1st period - Shot Misses the Net.
14:28 of 1st period - Shot by Brian Gionta.
14:28 of 1st period - Deflect By Anthony Cirelli.
14:28 of 1st period - Shot Misses the Net.
14:45 of 1st period - Shot by Anthony Cirelli.
14:45 of 1st period - Stopped by Dustin Tokarski without a rebound.
14:46 of 1st period - Patrick Kane wins face-off versus Pierre-Luc Dubois in CHICAGO Blackhawks zone.
14:53 of 1st period - Shot by Patrick Kane.
14:53 of 1st period - Goal by Patrick Kane - MONTREAL Canadiens : 1 - CHICAGO Blackhawks : 1.
14:54 of 1st period - Patrick Kane wins face-off versus Pierre-Luc Dubois in neutral zone.
15:19 of 1st period - Shot by Anthony Mantha.
15:19 of 1st period - Shot Misses the Net.
15:21 of 1st period - Shot by Anthony Mantha.
15:21 of 1st period - Stopped by Dustin Tokarski without a rebound.
15:22 of 1st period - William Nylander wins face-off versus Mathieu Perreault in CHICAGO Blackhawks zone.
15:54 of 1st period - Shot by Mathieu Perreault.
15:54 of 1st period - Shot Misses the Net.
15:56 of 1st period - Shot by Phillip Danault.
15:56 of 1st period - Stopped by Dustin Tokarski without a rebound.
15:57 of 1st period - Pierre-Luc Dubois wins face-off versus Patrick Kane in CHICAGO Blackhawks zone.
17:50 of 1st period - Phillip Danault is hit by Brent Seabrook and loses puck.
18:07 of 1st period - Shot by Jason Pominville.
18:07 of 1st period - Stopped by Dustin Tokarski without a rebound.
18:08 of 1st period - Pierre-Luc Dubois wins face-off versus Kevin Hayes in CHICAGO Blackhawks zone.
18:16 of 1st period - Pierre-Luc Dubois is hit by Brian Dumoulin and loses puck.
18:24 of 1st period - Anthony Beauvillier is hit by Brian Dumoulin.
18:35 of 1st period - Anthony Beauvillier is hit by Brian Dumoulin and loses puck.
18:36 of 1st period - Minor Penalty to Brian Dumoulin for Roughing.
18:37 of 1st period - Phillip Danault wins face-off versus Kyle Palmieri in CHICAGO Blackhawks zone.
18:40 of 1st period - Shot by Mathieu Perreault.
18:40 of 1st period - Deflect By Brian Gionta.
18:40 of 1st period - Shot Misses the Net.
18:42 of 1st period - Shot by Derrick Pouliot.
18:42 of 1st period - Shot Blocked by Josh Manson.
18:50 of 1st period - Shot by Mathieu Perreault.
18:50 of 1st period - Shot Misses the Net.
18:52 of 1st period - Shot by Derrick Pouliot.
18:52 of 1st period - Stopped by Dustin Tokarski with a rebound.
18:54 of 1st period - Shot by Samuel Morin.
18:54 of 1st period - Shot Misses the Net.
19:07 of 1st period - Off-side.
19:08 of 1st period - Pierre-Luc Dubois wins face-off versus Kyle Palmieri in neutral zone.
Goals for this period are 1 for MONTREAL Canadiens vs 1 for CHICAGO Blackhawks.
Shots for this period are 10 for MONTREAL Canadiens vs 12 for CHICAGO Blackhawks.

2nd period


0:01 of 2nd period - Anthony Cirelli wins face-off versus Kyle Palmieri in neutral zone.
0:08 of 2nd period - Shot by Pierre-Luc Dubois.
0:08 of 2nd period - Shot Misses the Net.
1:41 of 2nd period - Shot by Tyler Pitlick.
1:41 of 2nd period - Shot Blocked by Brian Dumoulin.
1:43 of 2nd period - Shot by Jacob de la Rose.
1:43 of 2nd period - Stopped by Dustin Tokarski without a rebound.
1:44 of 2nd period - Pierre-Luc Dubois wins face-off versus William Nylander in CHICAGO Blackhawks zone.
1:50 of 2nd period - Pierre-Luc Dubois is hit by Kevin Shattenkirk and loses puck.
2:15 of 2nd period - Shot by Anthony Beauvillier.
2:15 of 2nd period - Stopped by Dustin Tokarski without a rebound.
2:16 of 2nd period - Kevin Hayes wins face-off versus Anthony Cirelli in CHICAGO Blackhawks zone.
2:43 of 2nd period - Shot by Kevin Hayes.
2:43 of 2nd period - Shot Misses the Net.
2:45 of 2nd period - Shot by Kevin Hayes.
2:45 of 2nd period - Shot Blocked by Kevin Gravel.
2:45 of 2nd period - Kevin Gravel from MONTREAL Canadiens is injured at 2:45 of 2nd period (Sore Left Knee).
2:46 of 2nd period - William Nylander wins face-off versus Pierre-Luc Dubois in MONTREAL Canadiens zone.
2:55 of 2nd period - Shot by Eric Staal.
2:55 of 2nd period - Stopped by Kari Lehtonen with a rebound.
3:06 of 2nd period - Off-side.
3:07 of 2nd period - Phillip Danault wins face-off versus Patrick Kane in neutral zone.
4:30 of 2nd period - Shot by William Nylander.
4:30 of 2nd period - Stopped by Kari Lehtonen without a rebound.
4:31 of 2nd period - Kevin Hayes wins face-off versus Anthony Cirelli in MONTREAL Canadiens zone.
4:35 of 2nd period - Brad Richardson is hit by Samuel Morin and loses puck.
5:00 of 2nd period - Shot by Brian Gionta.
5:00 of 2nd period - Stopped by Dustin Tokarski without a rebound.
5:01 of 2nd period - Eric Staal wins face-off versus Phillip Danault in CHICAGO Blackhawks zone.
5:16 of 2nd period - Shot by Kyle Palmieri.
5:16 of 2nd period - Stopped by Kari Lehtonen without a rebound.
5:17 of 2nd period - Patrick Kane wins face-off versus Pierre-Luc Dubois in MONTREAL Canadiens zone.
5:32 of 2nd period - Off-side.
5:33 of 2nd period - William Nylander wins face-off versus Phillip Danault in neutral zone.
6:26 of 2nd period - Shot by Pierre-Luc Dubois.
6:26 of 2nd period - Stopped by Dustin Tokarski with a rebound.
6:34 of 2nd period - Shot by Pierre-Luc Dubois.
6:34 of 2nd period - Stopped by Dustin Tokarski with a rebound.
7:09 of 2nd period - Eric Staal is hit by Clayton Stoner and loses puck.
7:51 of 2nd period - Shot by Patrick Kane.
7:51 of 2nd period - Shot Misses the Net.
8:36 of 2nd period - Shot by Jason Pominville.
8:36 of 2nd period - Stopped by Dustin Tokarski without a rebound.
8:37 of 2nd period - Alexander Burmistrov wins face-off versus Pierre-Luc Dubois in CHICAGO Blackhawks zone.
8:37 of 2nd period - Alexander Burmistrov is hit by Pierre-Luc Dubois.
9:36 of 2nd period - Icing by Aaron Ekblad.
9:37 of 2nd period - Jason Pominville wins face-off versus Kevin Hayes in CHICAGO Blackhawks zone.
9:57 of 2nd period - Shot by Phillip Danault.
9:57 of 2nd period - Stopped by Dustin Tokarski without a rebound.
9:58 of 2nd period - Anthony Cirelli wins face-off versus Patrick Kane in CHICAGO Blackhawks zone.
10:19 of 2nd period - Shot by Marian Gaborik.
10:19 of 2nd period - Goal by Marian Gaborik - MONTREAL Canadiens : 2 - CHICAGO Blackhawks : 1.
10:20 of 2nd period - Phillip Danault wins face-off versus Kevin Hayes in neutral zone.
10:26 of 2nd period - Phillip Danault is hit by Kevin Shattenkirk and loses puck.
10:44 of 2nd period - Shot by Tom Wilson.
10:44 of 2nd period - Shot Misses the Net.
10:46 of 2nd period - Shot by Kevin Shattenkirk.
10:46 of 2nd period - Stopped by Kari Lehtonen without a rebound.
10:47 of 2nd period - Patrick Kane wins face-off versus Pierre-Luc Dubois in MONTREAL Canadiens zone.
10:47 of 2nd period - Patrick Kane is hit by Clayton Stoner.
11:01 of 2nd period - Shot by Pierre-Luc Dubois.
11:01 of 2nd period - Shot Blocked by Aaron Ekblad.
11:03 of 2nd period - Shot by Anthony Beauvillier.
11:03 of 2nd period - Stopped by Dustin Tokarski with a rebound.
11:05 of 2nd period - Shot by Anthony Mantha.
11:05 of 2nd period - Goal by Anthony Mantha - MONTREAL Canadiens : 3 - CHICAGO Blackhawks : 1.
11:06 of 2nd period - Anthony Cirelli wins face-off versus William Nylander in neutral zone.
11:11 of 2nd period - Shot by Marian Gaborik.
11:11 of 2nd period - Shot Blocked by Brian Dumoulin.
11:33 of 2nd period - Shot by Eric Staal.
11:33 of 2nd period - Deflect By Kyle Palmieri.
11:33 of 2nd period - Shot Misses the Net.
11:49 of 2nd period - Shot by William Nylander.
11:49 of 2nd period - Stopped by Kari Lehtonen without a rebound.
11:50 of 2nd period - Pierre-Luc Dubois wins face-off versus Patrick Kane in MONTREAL Canadiens zone.
12:07 of 2nd period - Shot by Anthony Beauvillier.
12:07 of 2nd period - Shot Misses the Net.
12:09 of 2nd period - Shot by Pierre-Luc Dubois.
12:09 of 2nd period - Shot Misses the Net.
12:52 of 2nd period - Shot by Phillip Danault.
12:52 of 2nd period - Shot Misses the Net.
12:54 of 2nd period - Shot by Clayton Stoner.
12:54 of 2nd period - Stopped by Dustin Tokarski without a rebound.
12:55 of 2nd period - Kevin Hayes wins face-off versus Tyler Pitlick in CHICAGO Blackhawks zone.
14:27 of 2nd period - Shot by Jason Pominville.
14:27 of 2nd period - Shot Blocked by Brian Dumoulin.
14:31 of 2nd period - Shot by Phillip Danault.
14:31 of 2nd period - Shot Misses the Net.
14:33 of 2nd period - Shot by Mathieu Perreault.
14:33 of 2nd period - Stopped by Dustin Tokarski with a rebound.
14:41 of 2nd period - Shot by Jason Pominville.
14:41 of 2nd period - Stopped by Dustin Tokarski without a rebound.
14:42 of 2nd period - Pierre-Luc Dubois wins face-off versus Jonathan Toews in CHICAGO Blackhawks zone.
14:56 of 2nd period - Shot by Patrick Kane.
14:56 of 2nd period - Stopped by Kari Lehtonen without a rebound.
14:57 of 2nd period - Anthony Cirelli wins face-off versus Alexander Burmistrov in MONTREAL Canadiens zone.
15:16 of 2nd period - Shot by Marian Gaborik.
15:16 of 2nd period - Goal by Marian Gaborik - MONTREAL Canadiens : 4 - CHICAGO Blackhawks : 1.
15:17 of 2nd period - Patrick Kane wins face-off versus Anthony Beauvillier in neutral zone.
16:02 of 2nd period - Shot by Teuvo Teravainen.
16:02 of 2nd period - Deflect By Jonathan Toews.
16:02 of 2nd period - Shot Blocked by Greg Pateryn.
17:08 of 2nd period - Shot by Marian Gaborik.
17:08 of 2nd period - Shot Misses the Net.
17:18 of 2nd period - Shot by William Nylander.
17:18 of 2nd period - Goal by William Nylander - MONTREAL Canadiens : 4 - CHICAGO Blackhawks : 2.
17:19 of 2nd period - Tyler Pitlick wins face-off versus Alexander Burmistrov in neutral zone.
17:59 of 2nd period - Shot by Nick Shore.
17:59 of 2nd period - Stopped by Kari Lehtonen without a rebound.
18:00 of 2nd period - Phillip Danault wins face-off versus Patrick Kane in MONTREAL Canadiens zone.
18:00 of 2nd period - Phillip Danault is hit by Patrick Kane.
18:25 of 2nd period - Shot by Mathieu Perreault.
18:25 of 2nd period - Shot Misses the Net.
18:27 of 2nd period - Shot by Mathieu Perreault.
18:27 of 2nd period - Shot Misses the Net.
18:29 of 2nd period - Shot by Clayton Stoner.
18:29 of 2nd period - Stopped by Dustin Tokarski without a rebound.
18:30 of 2nd period - Kyle Palmieri wins face-off versus Anthony Cirelli in CHICAGO Blackhawks zone.
18:30 of 2nd period - Kyle Palmieri is hit by Marian Gaborik.
18:38 of 2nd period - Shot by Eric Staal.
18:38 of 2nd period - Stopped by Kari Lehtonen without a rebound.
18:39 of 2nd period - Pierre-Luc Dubois wins face-off versus Eric Staal in MONTREAL Canadiens zone.
18:46 of 2nd period - Shot by Pierre-Luc Dubois.
18:46 of 2nd period - Stopped by Dustin Tokarski without a rebound.
18:47 of 2nd period - Patrick Kane wins face-off versus Pierre-Luc Dubois in CHICAGO Blackhawks zone.
19:05 of 2nd period - Greg Pateryn is hit by Patrick Kane and loses puck.
19:50 of 2nd period - Shot by Kyle Palmieri.
19:50 of 2nd period - Shot Misses the Net.
19:53 of 2nd period - Icing by Paul Martin.
19:54 of 2nd period - Kevin Hayes wins face-off versus Pierre-Luc Dubois in MONTREAL Canadiens zone.
Goals for this period are 3 for MONTREAL Canadiens vs 1 for CHICAGO Blackhawks.
Shots for this period are 16 for MONTREAL Canadiens vs 9 for CHICAGO Blackhawks.

3rd period


0:01 of 3rd period - Patrick Kane wins face-off versus Pierre-Luc Dubois in neutral zone.
0:17 of 3rd period - Shot by Patrick Kane.
0:17 of 3rd period - Stopped by Kari Lehtonen without a rebound.
0:18 of 3rd period - William Nylander wins face-off versus Phillip Danault in MONTREAL Canadiens zone.
0:29 of 3rd period - Shot by Eric Staal.
0:29 of 3rd period - Stopped by Kari Lehtonen without a rebound.
0:30 of 3rd period - Pierre-Luc Dubois wins face-off versus Patrick Kane in MONTREAL Canadiens zone.
0:34 of 3rd period - Off-side.
0:35 of 3rd period - Patrick Kane wins face-off versus Pierre-Luc Dubois in neutral zone.
1:51 of 3rd period - Shot by Phillip Danault.
1:51 of 3rd period - Stopped by Dustin Tokarski with a rebound.
1:53 of 3rd period - Shot by Phillip Danault.
1:53 of 3rd period - Shot Misses the Net.
2:42 of 3rd period - Icing by Brian Dumoulin.
2:43 of 3rd period - Kevin Hayes wins face-off versus Anthony Beauvillier in CHICAGO Blackhawks zone.
3:05 of 3rd period - Shot by Tom Wilson.
3:05 of 3rd period - Shot Misses the Net.
3:07 of 3rd period - Shot by Brian Dumoulin.
3:07 of 3rd period - Stopped by Kari Lehtonen without a rebound.
3:08 of 3rd period - Phillip Danault wins face-off versus Alexander Burmistrov in MONTREAL Canadiens zone.
3:13 of 3rd period - Shot by Jason Pominville.
3:13 of 3rd period - Stopped by Dustin Tokarski with a rebound.
3:22 of 3rd period - Icing by Paul Martin.
3:23 of 3rd period - Patrick Kane wins face-off versus Phillip Danault in MONTREAL Canadiens zone.
3:27 of 3rd period - Patrick Kane is hit by Greg Pateryn and loses puck.
3:35 of 3rd period - Minor Penalty to Greg Pateryn for Tripping.
3:36 of 3rd period - Anthony Cirelli wins face-off versus Patrick Kane in MONTREAL Canadiens zone.
3:36 of 3rd period - Anthony Cirelli is hit by Eric Staal.
3:45 of 3rd period - Jonathan Toews is hit by Samuel Morin and loses puck.
3:58 of 3rd period - Shot by Patrick Kane.
3:58 of 3rd period - Shot Misses the Net.
4:00 of 3rd period - Shot by Jonathan Toews.
4:00 of 3rd period - Stopped by Kari Lehtonen without a rebound.
4:01 of 3rd period - Anthony Cirelli wins face-off versus Kevin Hayes in MONTREAL Canadiens zone.
4:30 of 3rd period - Shot by Kevin Hayes.
4:30 of 3rd period - Shot Blocked by Paul Martin.
4:32 of 3rd period - Shot by Kyle Palmieri.
4:32 of 3rd period - Stopped by Kari Lehtonen without a rebound.
4:33 of 3rd period - Phillip Danault wins face-off versus Patrick Kane in MONTREAL Canadiens zone.
4:43 of 3rd period - Icing by Kevin Shattenkirk.
4:44 of 3rd period - Patrick Kane wins face-off versus Anthony Cirelli in CHICAGO Blackhawks zone.
5:10 of 3rd period - Shot by Patrick Kane.
5:10 of 3rd period - Stopped by Kari Lehtonen with a rebound.
5:22 of 3rd period - Shot by Eric Staal.
5:22 of 3rd period - Deflect By Patrick Kane.
5:22 of 3rd period - Shot Misses the Net.
5:41 of 3rd period - Off-side.
5:42 of 3rd period - Kevin Hayes wins face-off versus Phillip Danault in neutral zone.
5:49 of 3rd period - Mathieu Perreault is hit by Tom Wilson and loses puck.
6:00 of 3rd period - Shot by Phillip Danault.
6:00 of 3rd period - Shot Misses the Net.
6:02 of 3rd period - Shot by Mathieu Perreault.
6:02 of 3rd period - Shot Misses the Net.
6:08 of 3rd period - Shot by Jason Pominville.
6:08 of 3rd period - Stopped by Dustin Tokarski without a rebound.
6:09 of 3rd period - Tyler Pitlick wins face-off versus Alexander Burmistrov in CHICAGO Blackhawks zone.
6:17 of 3rd period - Icing by Josh Manson.
6:18 of 3rd period - Tyler Pitlick wins face-off versus Alexander Burmistrov in CHICAGO Blackhawks zone.
6:19 of 3rd period - Shot by Jacob de la Rose.
6:19 of 3rd period - Stopped by Dustin Tokarski without a rebound.
6:20 of 3rd period - Phillip Danault wins face-off versus Patrick Kane in CHICAGO Blackhawks zone.
6:20 of 3rd period - Derrick Pouliot is hit by Kevin Shattenkirk.
7:01 of 3rd period - Icing by Jason Pominville.
7:02 of 3rd period - Jason Pominville wins face-off versus William Nylander in MONTREAL Canadiens zone.
7:07 of 3rd period - Shot by Mathieu Perreault.
7:07 of 3rd period - Shot Misses the Net.
7:14 of 3rd period - Icing by Aaron Ekblad.
7:15 of 3rd period - Pierre-Luc Dubois wins face-off versus Eric Staal in CHICAGO Blackhawks zone.
7:18 of 3rd period - Shot by Anthony Mantha.
7:18 of 3rd period - Shot Blocked by Aaron Ekblad.
7:20 of 3rd period - Shot by Anthony Beauvillier.
7:20 of 3rd period - Stopped by Dustin Tokarski without a rebound.
7:21 of 3rd period - Kyle Palmieri wins face-off versus Pierre-Luc Dubois in CHICAGO Blackhawks zone.
7:30 of 3rd period - Shot by Eric Staal.
7:30 of 3rd period - Stopped by Kari Lehtonen without a rebound.
7:31 of 3rd period - Anthony Cirelli wins face-off versus Patrick Kane in MONTREAL Canadiens zone.
7:43 of 3rd period - Icing by Brent Seabrook.
7:44 of 3rd period - Patrick Kane wins face-off versus Pierre-Luc Dubois in CHICAGO Blackhawks zone.
8:38 of 3rd period - Icing by Paul Martin.
8:39 of 3rd period - William Nylander wins face-off versus Phillip Danault in MONTREAL Canadiens zone.
9:02 of 3rd period - Shot by Jason Pominville.
9:02 of 3rd period - Stopped by Dustin Tokarski without a rebound.
9:03 of 3rd period - Anthony Cirelli wins face-off versus Kevin Hayes in CHICAGO Blackhawks zone.
9:05 of 3rd period - Brian Gionta is hit by Brian Dumoulin and loses puck.
9:15 of 3rd period - Minor Penalty to Tom Wilson for Interference.
9:16 of 3rd period - Kyle Palmieri wins face-off versus Anthony Mantha in CHICAGO Blackhawks zone.
9:42 of 3rd period - Off-side.
9:43 of 3rd period - Kyle Palmieri wins face-off versus Phillip Danault in neutral zone.
10:33 of 3rd period - Icing by Anthony Cirelli.
10:34 of 3rd period - Brad Richardson wins face-off versus Pierre-Luc Dubois in MONTREAL Canadiens zone.
10:40 of 3rd period - Icing by Anthony Mantha.
10:41 of 3rd period - Eric Staal wins face-off versus Pierre-Luc Dubois in MONTREAL Canadiens zone.
10:52 of 3rd period - Shot by Eric Staal.
10:52 of 3rd period - Stopped by Kari Lehtonen with a rebound.
11:18 of 3rd period - Shot by Jacob de la Rose.
11:18 of 3rd period - Shot Blocked by Will Butcher.
11:53 of 3rd period - Shot by Tyler Pitlick.
11:53 of 3rd period - Shot Blocked by Patrick Kane.
12:29 of 3rd period - Shot by Jason Pominville.
12:29 of 3rd period - Shot Misses the Net.
13:07 of 3rd period - Shot by Eric Staal.
13:07 of 3rd period - Shot Blocked by Anthony Mantha.
13:09 of 3rd period - Shot by Eric Staal.
13:09 of 3rd period - Shot Blocked by Derrick Pouliot.
13:27 of 3rd period - Shot by Eric Staal.
13:27 of 3rd period - Deflect By Kyle Palmieri.
13:27 of 3rd period - Shot Misses the Net.
13:29 of 3rd period - Shot by Josh Manson.
13:29 of 3rd period - Stopped by Kari Lehtonen without a rebound.
13:30 of 3rd period - Anthony Cirelli wins face-off versus Kevin Hayes in MONTREAL Canadiens zone.
13:30 of 3rd period - Marian Gaborik is hit by Tom Wilson and loses puck.
13:34 of 3rd period - Anthony Cirelli is hit by Tom Wilson and loses puck.
13:38 of 3rd period - Clayton Stoner is hit by Will Butcher.
13:40 of 3rd period - Shot by Anthony Cirelli.
13:40 of 3rd period - Stopped by Dustin Tokarski with a rebound.
13:42 of 3rd period - Shot by Marian Gaborik.
13:42 of 3rd period - Shot Blocked by Will Butcher.
13:44 of 3rd period - Shot by Brian Gionta.
13:44 of 3rd period - Shot Misses the Net.
13:46 of 3rd period - Shot by Anthony Cirelli.
13:46 of 3rd period - Stopped by Dustin Tokarski without a rebound.
13:47 of 3rd period - Phillip Danault wins face-off versus Patrick Kane in CHICAGO Blackhawks zone.
13:59 of 3rd period - Phillip Danault is hit by Patrick Kane and loses puck.
14:08 of 3rd period - Shot by Teuvo Teravainen.
14:08 of 3rd period - Shot Misses the Net.
14:21 of 3rd period - Shot by Jonathan Toews.
14:21 of 3rd period - Stopped by Kari Lehtonen without a rebound.
14:22 of 3rd period - William Nylander wins face-off versus Anthony Cirelli in MONTREAL Canadiens zone.
14:41 of 3rd period - Shot by Marian Gaborik.
14:41 of 3rd period - Shot Misses the Net.
14:43 of 3rd period - Shot by Anthony Cirelli.
14:43 of 3rd period - Shot Misses the Net.
14:45 of 3rd period - Shot by Brian Gionta.
14:45 of 3rd period - Stopped by Dustin Tokarski without a rebound.
14:46 of 3rd period - Anthony Beauvillier wins face-off versus Kevin Hayes in CHICAGO Blackhawks zone.
14:59 of 3rd period - Shot by Greg Pateryn.
14:59 of 3rd period - Shot Blocked by Brian Dumoulin.
15:23 of 3rd period - Will Butcher is hit by Greg Pateryn and loses puck.
15:54 of 3rd period - Icing by Brent Seabrook.
15:55 of 3rd period - Phillip Danault wins face-off versus Patrick Kane in CHICAGO Blackhawks zone.
16:12 of 3rd period - Shot by Jonathan Toews.
16:12 of 3rd period - Stopped by Kari Lehtonen without a rebound.
16:13 of 3rd period - Anthony Cirelli wins face-off versus William Nylander in MONTREAL Canadiens zone.
16:25 of 3rd period - Marian Gaborik is hit by Kyle Palmieri and loses puck.
16:31 of 3rd period - Icing by Clayton Stoner.
16:32 of 3rd period - Anthony Cirelli wins face-off versus Patrick Kane in MONTREAL Canadiens zone.
16:39 of 3rd period - Shot by Brian Gionta.
16:39 of 3rd period - Shot Blocked by Brent Seabrook.
16:49 of 3rd period - Shot by Brian Gionta.
16:49 of 3rd period - Shot Misses the Net.
16:51 of 3rd period - Shot by Marian Gaborik.
16:51 of 3rd period - Shot Blocked by Brent Seabrook.
16:53 of 3rd period - Shot by Derrick Pouliot.
16:53 of 3rd period - Stopped by Dustin Tokarski without a rebound.
16:54 of 3rd period - Pierre-Luc Dubois wins face-off versus William Nylander in CHICAGO Blackhawks zone.
17:18 of 3rd period - Icing by Kyle Palmieri.
17:19 of 3rd period - Phillip Danault wins face-off versus William Nylander in CHICAGO Blackhawks zone.
17:54 of 3rd period - Shot by Phillip Danault.
17:54 of 3rd period - Deflect By Jason Pominville.
17:54 of 3rd period - Stopped by Dustin Tokarski without a rebound.
17:55 of 3rd period - Patrick Kane wins face-off versus Pierre-Luc Dubois in CHICAGO Blackhawks zone.
18:04 of 3rd period - Shot by Pierre-Luc Dubois.
18:04 of 3rd period - Shot Misses the Net.
18:06 of 3rd period - Shot by Pierre-Luc Dubois.
18:06 of 3rd period - Stopped by Dustin Tokarski with a rebound.
19:06 of 3rd period - Shot by Brian Gionta.
19:06 of 3rd period - Stopped by Dustin Tokarski with a rebound.
19:21 of 3rd period - Shot by Mathieu Perreault.
19:21 of 3rd period - Stopped by Dustin Tokarski without a rebound.
19:22 of 3rd period - Tyler Pitlick wins face-off versus Kevin Hayes in CHICAGO Blackhawks zone.
19:27 of 3rd period - Minor Penalty to Jacob de la Rose for Slashing.
19:28 of 3rd period - Anthony Cirelli wins face-off versus Kevin Hayes in MONTREAL Canadiens zone.
19:59 of 3rd period - Kevin Hayes is hit by Derrick Pouliot and loses puck.
Goals for this period are 0 for MONTREAL Canadiens vs 0 for CHICAGO Blackhawks.
Shots for this period are 14 for MONTREAL Canadiens vs 11 for CHICAGO Blackhawks.